 Dungeon Crawl Stone Soup version 0.27-a0-1384-g1422d76b99 (webtiles) character file.

Game seed: 5850341939460732099

4415 Anon1729 the Frost Mage (level 10, -8/45 (50) HPs)
             Began as a Kobold Ice Elementalist on June 30, 2021.
             Was an Initiate of Ashenzari.
             Mangled by Harold (20 damage)
             ... on level 7 of the Dungeon.
             The game lasted 00:19:28 (11546 turns).

Anon1729 the Frost Mage (Kobold Ice Elementalist)  Turns: 11546, Time: 00:19:29

HP:   -8/45 (50)    AC: 15    Str:  6    XL:     10   Next: 62%
MP:   11/21         EV: 18    Int: 20    God:    Ashenzari [......]
Gold: 407           SH:  5    Dex: 15    Spells: 11/24 levels left

rFire    . . .     SeeInvis .   e - +0 dagger
rCold    + . .     Faith    .   (shield restricted)
rNeg     . . .     Spirit   .   a - +0 robe
rPois    .         Reflect  +   v - +0 helmet
rElec    .         Harm     .   k - +0 cloak
rCorr    +         Rampage  .   y - +0 pair of gloves
Will     .....                  A - +0 pair of boots "Share My Irritation" {Self, Elem} (curse)
Stlth    +++++.....             r - amulet of reflection
HPRegen  0.15/turn              c - ring of protection from cold
MPRegen  0.17/turn              t - ring of resist corrosion

@: ice-armoured, about to teleport, heavily drained
A: small, no large weapons, nightstalker 3
a: Renounce Religion, Curse Item, Shatter the Chains


You were on level 7 of the Dungeon.
You worshipped Ashenzari.
Ashenzari was noncommittal.
You visited 2 branches of the dungeon, and saw 8 of its levels.
You also visited: Ossuary.

You collected 407 gold pieces.

Inventory:

Hand Weapons
 e - a +0 dagger (weapon)
 j - a +4 quarterstaff of chaos
Armour
 a - a +0 robe (worn)
 k - a +0 cloak (worn)
 v - a +0 helmet (worn)
 y - a +0 pair of gloves (worn)
 A - the cursed +0 pair of boots "Share My Irritation" (worn) {Self, Elem}
   (You found it on level 4 of the Dungeon)

   It has a curse which improves the following skills: Introspection: Fighting
   and Spellcasting.
   Elements:  Fire Magic, Ice Magic, Air Magic and Earth Magic.
Jewellery
 c - a ring of protection from cold (left hand)
 r - an amulet of reflection (around neck)
 t - a ring of resist corrosion (right hand)
 G - a +6 ring of strength
Wands
 b - a wand of acid (7)
 h - a wand of mindburst (16)
 w - a wand of digging (3)
Scrolls
 d - 2 scrolls of enchant weapon
 f - a scroll of blinking
 g - 9 scrolls of teleportation
 p - 4 scrolls of fog
 s - 2 scrolls of enchant armour
 u - a scroll of summoning
 B - 2 scrolls of magic mapping
 C - a scroll of brand weapon
 F - a scroll of amnesia
 H - a scroll of fear
Potions
 i - a potion of cancellation
 l - a potion of ambrosia
 m - a potion of flight
 n - 4 potions of brilliance
 o - a potion of heal wounds
 q - a potion of haste
 x - a potion of invisibility
 z - 2 potions of attraction
 D - 2 potions of curing
 E - 2 potions of might


   Skills:
 + Level 8.2 Dodging
 + Level 9.8 Stealth
 + Level 7.0(7.5) Spellcasting
 * Level 10.2(10.7) Ice Magic


You had 11 spell levels left.
You knew the following spells:

 Your Spells              Type           Power      Damage    Failure   Level
a - Freeze                Ice            100%       1d11      1%          1
b - Frozen Ramparts       Ice            100%       1d12      1%          3
c - Ozocubu's Armour      Ice            50%        N/A       1%          3
d - Hailstorm             Conj/Ice       28%        3d8       10%         4
e - Ensorcelled Hibernat  Hex/Ice        56%        N/A       1%          2

Your spell library contained the following spells:

 Spells                   Type           Power      Damage    Failure   Level
 Corona                   Hex            7%         N/A       9%          1
 Confusing Touch          Hex            7%         N/A       26%         3
 Dazzling Flash           Conj/Hex       14%        N/A       26%         3
 Tukima's Dance           Hex            7%         N/A       26%         3
 Metabolic Englaciation   Hex/Ice        14%        N/A       28%         5


Dungeon Overview and Level Annotations

Branches:
Dungeon (7/15)             Temple (1/1) D:4         Ossuary (visited)

Altars:
Ashenzari
Cheibriados
Dithmenos
Elyvilon
Fedhas
Hepliaklqana
Nemelex Xobeh
Vehumet
Wu Jian
Yredelemnul
Zin

Annotations:
D:4 3 runed translucent doors, smalleywall's ghost, amateur OpSu
D:7 Harold


Innate Abilities, Weirdness & Mutations

You are small and have problems with some larger weapons.
You are completely attuned to the shadows.


Message History

You feel drained.
Casting: Ensorcelled Hibernation (safe; 1% risk of failure)
Confirm with . or Enter, or press ? or * to list all spells.
Aiming: Ensorcelled Hibernation (safe; 1% risk of failure)
Press: ? - help, Shift-Dir - straight line, f/p - Harold
Aim: Harold, wielding a +1 dire flail of draining, wearing a +0 chain mail and quivering 5 throwing nets (heavily wounded, chance to affect: 23%) Harold resists with almost no effort.
Harold barely misses you.
Casting: Ensorcelled Hibernation (safe; 1% risk of failure)
Confirm with . or Enter, or press ? or * to list all spells.
Aiming: Ensorcelled Hibernation (safe; 1% risk of failure)
Press: ? - help, Shift-Dir - straight line, f/p - Harold
Aim: Harold, wielding a +1 dire flail of draining, wearing a +0 chain mail and quivering 5 throwing nets (heavily wounded, chance to affect: 23%) Harold resists with almost no effort.
Harold misses you.
Casting: Ensorcelled Hibernation (safe; 1% risk of failure)
Confirm with . or Enter, or press ? or * to list all spells.
Casting: Frozen Ramparts (safe; 1% risk of failure)
Press: ? - help, Dir - look around, f - activate
There are no walls around you to affect.
Casting: Frozen Ramparts (safe; 1% risk of failure)
Confirm with . or Enter, or press ? or * to list all spells.
Aiming: Freeze (safe; 1% risk of failure)
Press: ? - help, Shift-Dir - straight line, f - Harold
Aim: Harold, wielding a +1 dire flail of draining, wearing a +0 chain mail and quivering 5 throwing nets (heavily wounded)
You freeze Harold.
Harold is heavily wounded.
Harold hits you with a +1 dire flail of draining!
You feel drained.
* * * LOW HITPOINT WARNING * * *
Casting: Freeze (safe; 1% risk of failure)
Confirm with . or Enter, or press ? or * to list all spells.
Aiming: Freeze (safe; 1% risk of failure)
Press: ? - help, Shift-Dir - straight line, f/p - Harold
Aim: Harold, wielding a +1 dire flail of draining, wearing a +0 chain mail and quivering 5 throwing nets (heavily wounded)
You freeze Harold.
Harold is heavily wounded.
You block Harold's attack.
As you read the scroll of teleportation, it crumbles to dust.
You feel strangely unstable.
Harold hits you with a +1 dire flail of draining!!
You die...

#.......##.........
####....#####......>..
#.....### ##........
#.##...#.# ##.........
......<..# .>............
.........##.####.........
............. ...........
............. .#.........
......†.@@... ...........
............ ...........
...........? .#####...#.
............ #...#.
.....(...... #####. #. ##


You could see Harold.

Vanquished Creatures
  Pikel (D:4)
  An ugly thing (D:6)
  3 water moccasins
  An ice beast (D:6)
  A sky beast (D:6)
  2 black bears
  2 centaurs
  2 lemures (D:4)
  A phantom (D:4)
  A kobold brigand (D:7)
  2 bullfrogs
  14 scorpions
  A gnoll sergeant (D:6)
  2 wyvern skeletons (D:5)
  A howler monkey (D:5)
  6 electric eels (D:6)
  7 centaur zombies
  A bullfrog zombie (D:5)
  3 jellies
  An orc priest (D:4)
  2 hounds
  Crazy Yiuf (D:2)
  3 human zombies (Ossuary)
  2 bullfrog skeletons
  A centaur skeleton (D:6)
  2 iguanas
  6 scorpion zombies (Ossuary)
  Ijyb (D:3)
  A hound skeleton (D:4)
  3 mummies (Ossuary)
  5 gnolls
  4 adders
  A shadow imp (D:5)
  An ufetubus (D:5)
  A worm (D:3)
  3 dart slugs
  28 orcs
  2 endoplasms
  2 giant cockroaches
  A gnoll zombie (Ossuary)
  10 goblins
  16 hobgoblins
  14 jackals
  5 quokkas
  11 ball pythons
  5 bats
  3 frilled lizards
  2 goblin zombies (Ossuary)
  A hobgoblin zombie (Ossuary)
  21 kobolds
  2 orc zombies (Ossuary)
  9 rats
222 creatures vanquished.

Vanquished Creatures (others)
  A fungus (D:2)
  4 plants (D:6)
5 creatures vanquished.

Grand Total: 227 creatures vanquished

Notes
Turn   | Place    | Note
-------+----------+-------------------------------------------
     0 | D:1      | Anon1729 the Kobold Ice Elementalist began the quest for
                  | the Orb.
     0 | D:1      | Reached XP level 1. HP: 10/10 MP: 3/3
   457 | D:1      | Reached XP level 2. HP: 11/15 MP: 3/5
   583 | D:1      | Found a faded altar of an unknown god.
   732 | D:1      | Reached XP level 3. HP: 19/19 MP: 4/6
  1158 | D:1      | Learned a level 3 spell: Frozen Ramparts
  1162 | D:1      | Learned a level 3 spell: Ozocubu's Armour
  1686 | D:2      | Reached XP level 4. HP: 20/24 MP: 6/8
  2058 | D:2      | Found a runed translucent door.
  2061 | D:2      | Noticed Crazy Yiuf
  2242 | D:2      | Killed Crazy Yiuf
  2243 | D:2      | Reached XP level 5. HP: 28/28 MP: 3/9
  2403 | D:3      | Reached skill level 5 in Ice Magic
  2886 | D:3      | Noticed Ijyb
  2895 | D:3      | Killed Ijyb
  3272 | D:3      | Reached XP level 6. HP: 23/32 MP: 10/10
  3508 | D:4      | Found a staircase to the Ecumenical Temple.
  3513 | Temple   | Entered the Ecumenical Temple
  3541 | Temple   | Became a worshipper of Ashenzari the Shackled
  3826 | D:4      | Found a sand-covered staircase.
  3831 | Ossuary  | Entered an ossuary
  3933 | Ossuary  | Reached skill level 5 in Stealth
  3933 | Ossuary  | Reached XP level 7. HP: 6/36 MP: 12/12
  4387 | Ossuary  | Reached skill level 6 in Ice Magic
  4644 | Ossuary  | Reached XP level 8. HP: 35/41 MP: 10/14
  4652 | Ossuary  | Reached skill level 5 in Dodging
  5044 | Ossuary  | Learned a level 4 spell: Hailstorm
  5296 | Ossuary  | Reached skill level 7 in Ice Magic
  5906 | Ossuary  | Reached skill level 5 in Spellcasting
  6168 | D:4      | Learned a level 2 spell: Ensorcelled Hibernation
  6308 | D:4      | Reached XP level 9. HP: 29/45 MP: 9/16
  6715 | D:4      | Found a runed translucent gate.
  6716 | D:4      | Found a runed translucent gate.
  6717 | D:4      | Found a runed translucent gate.
  6719 | D:4      | Noticed smalleywall's ghost (amateur OpSu)
  6782 | D:4      | Noticed Pikel
  6791 | D:4      | Killed Pikel
  6792 | D:4      | Reached skill level 8 in Ice Magic
  7584 | D:5      | Entered Level 5 of the Dungeon
  7923 | D:5      | Identified the +1 scale mail of the Lumpy Songs {*Corrode
                  | rC+ Will+ Dex+8}
  8198 | D:5      | Reached skill level 9 in Ice Magic
  9134 | D:6      | Reached XP level 10. HP: 34/50 MP: 10/20
  9253 | D:6      | Found a radiant altar of Vehumet.
  9253 | D:6      | Found a blossoming altar of Fedhas.
  9254 | D:6      | Found a hazy altar of Hepliaklqana.
  9255 | D:6      | Found an ornate altar of the Wu Jian Council.
  9366 | D:6      | Noticed a red ugly thing
  9373 | D:6      | Killed a red ugly thing
 10857 | D:6      | Reached skill level 10 in Ice Magic
 11530 | D:7      | Noticed Harold
 11546 | D:7      | Mangled by Harold

Illustrated notes

Levels and vault maps discovered:
D:1:      tarquinn_simple_flora_water_f, layout_rooms,
          shapermc_ecumenical_altar_venn, st_stairs_11
D:2:      layout_basic, minmay_misc_feat_rows, uniq_crazy_yiuf_cottage
D:3:      layout_rooms, kennysheep_generic_room_13, uniq_ijyb
D:4:      corexii_shantytown, layout_loops_ring, temple_doors_ab,
          ebering_ghost_rock_garden, nicolae_ossuary_entry_plus, uniq_pikel
D:5:      layout_loops_ring, hangedman_abyss_or_decor_stagger,
          minmay_starry_boxes
D:6:      cheibrodos_two_vegetables, layout_basic,
          chequers_temple_overflow_statue_of_worship
D:7:      layout_rooms, minmay_misc_feat_more_columns, uniq_harold,
          uniq_prince_ribbit1
Temple:   nicolae_temple_x_marks_the_god

Skill      XL: |  1  2  3  4  5  6  7  8  9 10 |
---------------+-------------------------------+-----
Stealth        | 3 4 5 7 8 9 |  9.8
Dodging        | 3 4 5 7 8 |  8.2
Spellcasting   | 3 4 5 6 7 |  7.0
Ice Magic      | 5 6 7 9 10 | 10.2

Action                   |  1- 3 |  4- 6 |  7- 9 | 10-12 || total
-------------------------+-------+-------+-------+-------++-------
Melee: Unarmed           |    16 |       |       |       ||    16
       Dagger            |     9 |     1 |       |     2 ||    12
       Quarterstaff      |       |    78 |   247 |    52 ||   377
 Cast: Freeze            |    58 |    27 |    36 |    24 ||   145
       Frozen Ramparts   |       |     3 |    13 |     4 ||    20
       Ozocubu's Armour  |       |       |     9 |     5 ||    14
       Hailstorm         |       |       |     1 |     8 ||     9
       Ensorcelled Hiber |       |       |       |     7 ||     7
Invok: Curse Item        |       |       |     1 |       ||     1
  Use: Potion            |       |     1 |     1 |       ||     2
       Scroll            |       |       |       |     1 ||     1
 Stab: Sleeping          |     2 |     8 |    24 |     7 ||    41
       Distracted        |       |       |       |     1 ||     1
Armor: Robe              |    10 |    22 |    56 |    38 ||   126
Dodge: Dodged            |    59 |   101 |   187 |    70 ||   417
Block: Other             |       |       |    46 |    20 ||    66
       Reflection        |       |       |       |     1 ||     1

Table legend: (Time is in decaauts)
 A = Elapsed time spent in this place.
 B = Non-inter-level travel time spent in this place.
 C = Inter-level travel time spent in this place.
 D = Time resting spent in this place.
 E = Time spent auto-exploring this place.
 F = Levels seen in this place.
 G = Mean time per level.
                   A        B        C        D        E       F      G
               +--------+--------+--------+--------+--------+-----+--------+
         Total |  11680 |  11391 |    289 |   3091 |   6574 |   9 | 1297.8 |
       Dungeon |   9365 |   9086 |    279 |   1927 |   5861 |   7 | 1337.9 |
        Temple |     38 |     28 |     10 |      0 |      0 |   1 |   38.0 |
       Ossuary |   2275 |   2275 |      0 |   1164 |    713 |   1 | 2275.0 |
               +--------+--------+--------+--------+--------+-----+--------+

Top non-repeatable levels by time:
     D:6: 2304 daAuts
 Ossuary: 2275 daAuts
     D:4: 1834 daAuts
     D:5: 1337 daAuts
     D:3: 1175 daAuts
     D:1: 1172 daAuts
     D:2: 1161 daAuts
     D:7: 378 daAuts
  Temple: 38 daAuts
